 Dungeon Crawl Stone Soup version 0.32-a0-768-g0f6f1dd4b9 (webtiles) character file.

Game seed: 3590063716384011046

100 croobank the Caller (level 4, 0/30 HPs)
             Began as a Human Summoner on Mar 18, 2024.
             Slain by Sigmund
             ... wielding a +0 scythe
              (10 damage)
             ... on level 2 of the Dungeon.
             The game lasted 00:08:37 (2347 turns).

croobank the Caller (Human Summoner)                Turns: 2347, Time: 00:08:38

Health: 0/30       AC:  2    Str: 11    XL:     4   Next: 74%
Magic:  8/8        EV: 11    Int: 20    God:
Gold:   123        SH:  0    Dex: 12    Spells: 2/8 levels left

rFire   + . .        d - +0 short sword
rCold   + . .        (no shield)
rNeg    . . .        a - +0 robe
rPois   +            (no helmet)
rElec   +            (no cloak)
rCorr   +            (no gloves)
SInv    .            (no boots)
Will    .....        (no amulet)
Stlth   ++           (no ring)
HPRegen 0.25/turn    (no ring)
MPRegen 0.11/turn

%: no passive effects
@: resistant, attractive
A: explore regen, clever 1, strong 1, teleportitis 1, MP-powered wands
a: no special abilities


You were on level 2 of the Dungeon.
You visited 1 branch of the dungeon, and saw 2 of its levels.

You collected 123 gold pieces.

Inventory:

Hand Weapons
 d - a +0 short sword (weapon)
 e - a +0 dagger
Armour
 a - a +0 robe (worn)
Jewellery
 c - a ring of resist corrosion
Scrolls
 g - 5 scrolls of identify {unknown}
 h - a scroll of enchant weapon {unknown}
 j - a scroll of vulnerability {unknown}
Potions
 b - a potion of magic
 f - a potion of mutation
 i - 3 potions of resistance


   Skills:
 + Level 2.9 Dodging
 + Level 3.0 Stealth
 + Level 2.8 Spellcasting
 + Level 4.5 Summonings


You had 2 spell levels left.
You knew the following spells:

 Your Spells              Type           Power      Damage    Failure   Level
a - Summon Small Mammal   Summ           84%        N/A       2%          1
b - Call Imp              Summ           42%        N/A       3%          2
c - Call Canine Familiar  Summ           21%        N/A       7%          3

Your spell library contained the following spells:

 Spells                   Type           Power      Damage    Failure   Level
 Ensorcelled Hibernation  Hex/Ice        4%         N/A       22%         2
 Fugue of the Fallen      Necr           2%         N/A       41%         3
 Summon Blazeheart Golem  Fire/Summ      11%        N/A       50%         4
 Summon Lightning Spire   Summ/Air       11%        N/A       50%         4
 Anguish                  Hex/Necr       1%         N/A       82%         4


Dungeon Overview and Level Annotations

Branches:
Dungeon (2/15)

Altars:
Beogh

Annotations:
D:2 Sigmund


Innate Abilities, Weirdness & Mutations

You regain HP and MP as you explore.
Your mind is acute. (Int +4, Str/Dex -1)
Your muscles are strong. (Str +4, Int/Dex -1)
You are occasionally teleported next to monsters.
You expend magic power (3 MP) to strengthen your wands.


Message History

You feel stronger.
It was a potion of resistance.
You feel protected.
Sigmund points at you and mumbles some strange words.
You are more confused.
It was a potion of attraction.
You feel attractive to monsters.
Sigmund screams, "I am the angel of ZOT!!!"
Sigmund is attracted toward you. The goblin is attracted toward you.
You are too confused!
Unknown command.
You bump into the rock wall.
Sigmund closely misses you.
You hit Sigmund.
Sigmund is lightly wounded.
Sigmund hits you with a +0 scythe!
You bump into the rock wall.
Sigmund hits you but does no damage. Sigmund is attracted toward you.
The goblin is attracted toward you.
Sigmund points at you and mumbles some strange words.
You are more confused.
Sigmund is attracted toward you. The goblin is attracted toward you.
You closely miss Sigmund.
Sigmund is lightly wounded.
Sigmund closely misses you.
You closely miss Sigmund.
Sigmund is lightly wounded.
The goblin closely misses you.
You're too confused to move!
Sigmund misses you. The goblin closely misses you.
You closely miss Sigmund.
Sigmund is lightly wounded.
Sigmund hits you with a +0 scythe. The goblin barely misses you.
Sigmund gestures wildly while chanting.
Sigmund flickers and vanishes!
Deactivating autopickup; reactivate with Ctrl-A.
The goblin attacks as it pursues you! The goblin hits you with a +0 club.
Something hits you!
You closely miss the goblin.
You feel less confused. The goblin closely misses you. Something hits you!
You die...

############
#..........#
#.########.# #.#
######.##
#.###.......######
#.......@g.....<.#
#####
###.##...###..####.#
....# #.÷.......##.>#
.### ....#
#.#.##....##..# g..#
....###.#.###.#.##..#
##.#
........#...........##
#.#
.........†...........#
#>#
....###...........#..#
#.#
........#####.#.#.#..#
#.#


You could see a goblin.

Vanquished Creatures
  An adder (D:2)
  An orc (D:2)
  A bat (D:2)
  3 rats
6 creatures vanquished.

Vanquished Creatures (collateral kills)
  3 adders (D:2)
  A ribbon worm (D:2)
  4 dart slugs
  An orc (D:2)
  6 ball pythons
  4 endoplasms
  2 giant cockroaches (D:1)
  2 hobgoblins (D:1)
  9 kobolds
  3 quokkas
  2 frilled lizards (D:1)
  3 goblins (D:1)
  4 rats
44 creatures vanquished.

Grand Total: 50 creatures vanquished

Notes
Turn   | Place    | Note
-------+----------+-------------------------------------------
     0 | D:1      | croobank the Human Summoner began the quest for the Orb.
     0 | D:1      | Reached XP level 1. HP: 13/13 MP: 3/3
   235 | D:1      | Found a roughly hewn altar of Beogh.
   283 | D:1      | Reached XP level 2. HP: 9/19 MP: 3/5
   543 | D:1      | Found a faded altar of an unknown god.
   651 | D:1      | Learned a level 2 spell: Call Imp
   977 | D:1      | Reached XP level 3. HP: 23/24 MP: 1/6
   981 | D:1      | Learned a level 3 spell: Call Canine Familiar
  1731 | D:2      | Reached XP level 4. HP: 30/30 MP: 0/7
  2328 | D:2      | Noticed Sigmund
  2332 | D:2      | Gained mutation: Your mind is acute. (Int +4, Str/Dex -1)
                  | [potion of mutation]
  2332 | D:2      | Gained mutation: You are occasionally teleported next to
                  | monsters. [potion of mutation]
  2332 | D:2      | Gained mutation: You expend magic power (3 MP) to
                  | strengthen your wands. [potion of mutation]
  2332 | D:2      | Gained mutation: Your muscles are strong. (Str +4, Int/Dex
                  | -1) [potion of mutation]
  2347 | D:2      | Slain by Sigmund

Illustrated notes

Levels and vault maps discovered:
D:1:      roderic_octagonal_star, layout_basic,
          hellmonk_ecumenical_altar_defaced_shrine, corexii_leaking_fountain
D:2:      layout_loops_ring, minmay_tiny_reverse_x, uniq_sigmund, uniq_terence

Skill      XL: |  1  2  3  4 |
---------------+-------------+-----
Stealth        | 3 |  3.0
Dodging        | |  2.9
Spellcasting   | |  2.8
Summonings     | |  4.5

Action                     |  1- 3 |  4- 6 || total
---------------------------+-------+-------++-------
  Melee: Unarmed           |    10 |       ||    10
         Short sword       |    14 |    21 ||    35
   Cast: Summon Small Mamm |    27 |     4 ||    31
         Call Imp          |    12 |     5 ||    17
         Call Canine Famil |     5 |     4 ||     9
    Use: Potion            |       |     3 ||     3
   Stab: Sleeping          |     4 |     2 ||     6
 Armour: Robe              |    23 |    19 ||    42
  Dodge: Dodged            |    26 |    29 ||    55

Table legend: (Time is in decaauts)
 A = Elapsed time spent in this place.
 B = Non-inter-level travel time spent in this place.
 C = Inter-level travel time spent in this place.
 D = Time resting spent in this place.
 E = Time spent auto-exploring this place.
 F = Levels seen in this place.
 G = Mean time per level.
                   A        B        C        D        E       F      G
               +--------+--------+--------+--------+--------+-----+--------+
         Total |   2346 |   2317 |     29 |    282 |   1483 |   2 | 1173.0 |
       Dungeon |   2346 |   2317 |     29 |    282 |   1483 |   2 | 1173.0 |
               +--------+--------+--------+--------+--------+-----+--------+

Top non-repeatable levels by time:
     D:1: 1656 daAuts
     D:2: 689 daAuts
